 Dungeon Crawl Stone Soup version 0.24.0-37-gcf1ca852f1 (webtiles) character file.

Game seed: 4696343691511700424, levelgen mode: deterministic

19487 Iamsoldier the Fighter (level 12, 0/81 HPs)
             Began as a Gargoyle Berserker on Dec 6, 2019.
             Was a Follower of Trog.
             Slain by Rupert
             ... wielding a +0 great sword of slicing
              (5 damage)
             ... while paralysed by Rupert
             ... on level 13 of the Dungeon.
             The game lasted 00:34:13 (11302 turns).

Iamsoldier the Fighter (Gargoyle Berserker)        Turns: 11302, Time: 00:34:14

Health: 0/81       AC: 30    Str: 33    XL:     12   Next: 69%
Magic:  16/16      EV:  2    Int:  8    God:    Trog [*.....]
Gold:   446        SH:  0    Dex:  9    Spells: 11/11 levels left

rFire    . . .     SeeInvis .   b - +6 spear (pierce)
rCold    . . .     Gourm    .   O - +1 large shield {reflect}
rNeg     + . .     Faith    .   P - +8 chain mail of Bykhle {+Inv}
rPois    ∞         Spirit   .   Q - -1 hat of the Princeling {+Inv Str+5 Dex-5}
rElec    +         Reflect  +   (no cloak)
rCorr    .         Harm     .   (no gloves)
MR       .....                  h - +0 pair of boots
Stlth    ..........             e - amulet of the acrobat
HPRegen  0.23/turn              J - ring of the Demon Prince {+Blink +Fly Slay+2 Stlth+}
MPRegen  0.15/turn              M - ring "Plog" {rElec MR- AC+2 Str+2}

@: paralysed, agile, berserk cooldown, slowed
A: negative energy resistance 1, electricity resistance, unbreathing,
petrification resistance, rot immunity, AC +8
a: Berserk, Renounce Religion, Evoke Blink, Evoke Invisibility, Evoke Flight


You were on level 13 of the Dungeon.
You worshipped Trog.
Trog was aware of your devotion.
You were hungry.

You visited 2 branches of the dungeon, and saw 16 of its levels.
You also visited: Trove, Sewer and Bailey.

You collected 958 gold pieces.
You spent 512 gold pieces at shops.

Inventory:

Hand Weapons
 a - a +1 flail of venom
 b - a +6 spear of piercing (weapon)
 C - a +3 vampiric trident
Armour
 h - a +0 pair of boots (worn)
 O - a +1 large shield of reflection (worn)
 P - the +8 chain mail of Bykhle (worn) {+Inv}
   (You found it in a treasure trove)

   It lets you turn invisible.
 Q - the -1 hat of the Princeling (worn) {+Inv Str+5 Dex-5}
   (You found it in a treasure trove)

   It affects your strength (+5).
   It affects your dexterity (-5).
   It lets you turn invisible.
Jewellery
 e - an amulet of the acrobat (around neck)
 s - an uncursed ring of protection from cold
 y - an uncursed ring of ice
 G - an uncursed ring of protection from magic
 J - the ring of the Demon Prince (left hand) {+Blink +Fly Slay+2 Stlth+}
   (You bought it in a shop on level 7 of the Dungeon)

   [ring of flight]

   It affects your accuracy and damage with ranged weapons and melee attacks
   (+2).
   It lets you fly.
   It lets you blink.
   It makes you more stealthy.
 M - the ring "Plog" (right hand) {rElec MR- AC+2 Str+2}
   (You found it in a bailey)

   [ring of protection]

   It affects your AC (+2).
   It affects your strength (+2).
   It insulates you from electricity.
   It affects your resistance to hostile enchantments.
Wands
 n - a wand of iceblast (3)
 p - a wand of flame (17)
 q - a wand of paralysis (11)
 x - a wand of polymorph (6)
 I - a wand of disintegration (9)
Scrolls
 i - 4 scrolls of remove curse
 j - 3 scrolls of immolation
 k - 7 scrolls of teleportation
 r - a scroll of identify
 u - 6 scrolls of enchant armour
 z - a scroll of fear
 D - 2 scrolls of fog
 E - a scroll of blinking
 K - a scroll of enchant weapon
Potions
 c - 5 potions of curing
 f - a potion of lignification {unknown}
 g - 5 potions of agility
 l - a potion of berserk rage {unknown}
 m - 5 potions of heal wounds
 o - 2 potions of ambrosia {unknown}
 t - 3 potions of might {unknown}
 v - 2 potions of magic {unknown}
 w - 4 potions of mutation {unknown}
 A - 2 potions of cancellation {unknown}
 B - 5 potions of flight {unknown}
 F - a potion of invisibility {unknown}
 H - 3 potions of brilliance {unknown}
 L - 4 potions of degeneration {unknown}
Comestibles
 d - 17 rations
 N - 2 chunks of flesh


   Skills:
 + Level 11.8 Fighting
 - Level 4.7 Maces & Flails
 + Level 9.4 Polearms
 + Level 10.0 Armour
 - Level 1.7 Dodging
 + Level 9.5 Shields
 + Level 6.0 Evocations


You had 11 spell levels left.
You didn't know any spells.
Your spell library was empty.

Dungeon Overview and Level Annotations

Branches:
Dungeon (15/15)            Temple (1/1) D:5            Lair (0/6) D:10
    Orc (0/2) D:12         Depths (0/5) D:15          Sewer (visited)
 Bailey (visited)
 Vaults: D:13-14

Altars:
Ashenzari
Cheibriados
Dithmenos
Elyvilon
Fedhas
Gozag
Hepliaklqana
Kikubaaqudgha
Makhleb
Nemelex Xobeh
Okawaru
Qazlal
Ru
Sif Muna
Trog
Uskayaw
Vehumet
Wu Jian
Xom
Yredelemnul
Zin
The Shining One

Shops:
D:7 =

Annotations:
D:13 Rupert


Innate Abilities, Weirdness & Mutations

You are resistant to torment.
Your stone body is resilient. (AC +8)
You are immune to poison.
You resist negative energy. (rN+)
You are resistant to electric shocks. (rElec)
You can survive without breathing.
You are immune to petrification.
You are immune to rotting.


Message History

The fire elemental hits you. The fire elemental burns you!
You block the hippogriff's attack. x2
The hippogriff claws you but does no damage.
You block Rupert's attack. The fire elemental barely misses you.
You puncture Rupert!
Rupert is severely wounded.
You block the hippogriff's attack. x3
Rupert roars wildly at you.
You suddenly lose the ability to move!
The fire elemental hits you.
The hippogriff bites you but does no damage.
The hippogriff pecks you but does no damage.
The hippogriff claws you but does no damage.
The fire elemental hits you.
Rupert roars madly and goes into a rage!
Rupert goes berserk!
The fire elemental hits you. The fire elemental burns you!
* * * LOW HITPOINT WARNING * * *
Rupert hits you with a +0 great sword of slicing!!
* * * LOW HITPOINT WARNING * * *
You die...

#. #. ..# #.# #.
#.# ..##. #.##
....##.. # #..#..#
#.#..#..# #
#....H#.### T# #
#..#@E...##.#.##
#..@##..........
##......#..#..<..
#.......##.....E☼
#.........>##.°○
###...............
#......#........
#......#.#..##!.
#........#.##


You could see Rupert (berserk), a hippogriff and a fire elemental.

Vanquished Creatures
  2 fire dragons (D:15)
  Snorg (D:13)
  A hydra (D:15)
  Fannar (D:10)
  A centaur warrior (D:15)
  2 two-headed ogres (D:11)
  Urug (D:10)
  Pikel (D:5)
  An orc knight (Bailey)
  An ugly thing (D:11)
  A centaur zombie (D:14)
  2 cyclopes (D:11)
  Maurice (D:8)
  A gargoyle (D:15)
  Psyche (D:10)
  A troll (D:15)
  Grinder (D:4)
  A hornet (D:9)
  A hornet (shapeshifter) (D:15)
  3 hippogriffs
  Sigmund (D:3)
  A shadow (D:15)
  A spriggan (D:7)
  2 wyverns (D:9)
  10 yaks (D:11)
  A water elemental (D:12)
  A hungry ghost (D:11)
  Edmund (D:4)
  A water moccasin (D:8)
  2 black bears
  4 slaves (D:5)
  7 orc warriors
  3 ice beasts
  3 sky beasts
  2 phantoms
  An eye of draining (D:8)
  6 ogres
  5 centaurs
  Blork the orc (D:4)
  5 bullfrogs
  4 big kobolds
  A gnoll sergeant (D:9)
  3 scorpions
  8 killer bees
  2 howler monkeys
  3 electric eels (D:12)
  7 wights
  A crimson imp (D:9)
  2 jellies
  A quasit (D:15)
  A bullfrog skeleton (D:12)
  A hound (D:14)
  6 orc priests
  15 orc wizards
  2 centaur skeletons
  3 iguanas
  6 worker ants
  A hound skeleton (D:4)
  A mummy (D:4)
  A howler monkey zombie (D:9)
  4 worker ant zombies
  Robin (D:3)
  9 gnolls
  11 adders
  3 river rats
  2 shadow imps
  An adder zombie (D:9)
  2 adder skeletons (D:4)
  A worm (D:3)
  2 dart slugs
  5 leopard geckos
  46 orcs
  3 ball pythons
  6 bats
  3 giant cockroaches
  19 goblins
  12 hobgoblins
  10 jackals
  3 quokkas
  5 frilled lizards
  A hobgoblin zombie (D:4)
  43 kobolds
  2 kobold zombies (D:4)
  An orc zombie (D:4)
  3 quokka skeletons
  A quokka zombie (D:7)
  7 rats
358 creatures vanquished.

Vanquished Creatures (others)
  3 plants
3 creatures vanquished.

Grand Total: 361 creatures vanquished

Notes
Turn   | Place    | Note
-------+----------+-------------------------------------------
     0 | D:1      | Iamsoldier the Gargoyle Berserker began the quest for the
                  | Orb.
     0 | D:1      | Reached XP level 1. HP: 14/14 MP: 1/1
   226 | D:1      | Reached XP level 2. HP: 19/19 MP: 2/2
  1156 | D:2      | Reached XP level 3. HP: 21/24 MP: 3/3
  1167 | D:2      | Reached ** piety under Trog
  1679 | D:2      | Reached skill level 4 in Fighting
  1683 | D:2      | Reached XP level 4. HP: 29/29 MP: 4/4
  1975 | D:2      | Reached skill level 1 in Shields
  2155 | D:3      | Noticed Robin
  2187 | D:3      | Killed Robin
  3192 | D:3      | Noticed Sigmund
  3196 | D:3      | Killed Sigmund
  3196 | D:3      | Reached skill level 5 in Fighting
  3196 | D:3      | Reached skill level 1 in Polearms
  3196 | D:3      | Reached XP level 5. HP: 35/35 MP: 5/5
  3196 | D:3      | Reached XP level 6. HP: 40/40 MP: 6/6
  3565 | D:4      | Noticed Grinder
  3565 | D:4      | Noticed Edmund
  3578 | D:4      | Killed Edmund
  3586 | D:4      | Killed Grinder
  3586 | D:4      | Reached skill level 6 in Fighting
  3586 | D:4      | Reached XP level 7. HP: 46/46 MP: 7/7
  3604 | D:4      | Noticed Blork the orc
  3719 | D:4      | Killed Blork the orc
  3788 | D:4      | Reached XP level 8. HP: 43/52 MP: 8/8
  3960 | D:4      | Noticed a hippogriff
  3991 | D:4      | Killed a hippogriff
  3991 | D:4      | Reached *** piety under Trog
  3991 | D:4      | Reached skill level 7 in Fighting
  4025 | D:4      | Found a glowing golden altar of the Shining One.
  4025 | D:4      | Found a snail-covered altar of Cheibriados.
  4025 | D:4      | Found a shattered altar of Ashenzari.
  4038 | D:4      | Found a burning altar of Makhleb.
  4250 | D:5      | Entered Level 5 of the Dungeon
  4501 | D:5      | Reached skill level 5 in Armour
  4528 | D:5      | Reached skill level 5 in Polearms
  4535 | D:5      | Reached XP level 9. HP: 55/57 MP: 9/9
  4548 | D:5      | Noticed Pikel
  4568 | D:5      | Killed Pikel
  4568 | D:5      | Reached skill level 8 in Fighting
  4924 | D:5      | Found a staircase to the Ecumenical Temple.
  5171 | Temple   | Entered the Ecumenical Temple
  5474 | D:6      | Found a glowing drain.
  5490 | Sewer    | Entered a sewer
  5615 | Sewer    | Found a white marble altar of Elyvilon.
  5722 | D:6      | Found a bloodstained altar of Trog.
  5759 | D:6      | Reached skill level 5 in Shields
  5942 | D:6      | Found a stormy altar of Qazlal.
  6303 | D:7      | Reached **** piety under Trog
  6427 | D:7      | Reached skill level 9 in Fighting
  6568 | D:7      | Found Isagirin's Jewellery Shop.
  6675 | D:7      | Reached XP level 10. HP: 66/66 MP: 10/10
  6912 | D:8      | Found a white marble altar of Elyvilon.
  6971 | D:8      | Reached ***** piety under Trog
  7421 | D:8      | Noticed Maurice
  7431 | D:8      | Killed Maurice
  7431 | D:8      | Reached skill level 1 in Evocations
  7478 | D:7      | Bought the ring of the Demon Prince {+Blink +Fly Slay+2
                  | Stlth+} for 512 gold pieces
  7858 | D:9      | Found a flagged portal.
  7866 | Bailey   | Entered a bailey
  7893 | Bailey   | Noticed an orc knight
  7896 | Bailey   | Reached skill level 10 in Fighting
  7915 | Bailey   | Killed an orc knight
  8020 | Bailey   | Got a serpentine golden ring
  8035 | Bailey   | Identified the ring "Plog" {rElec MR- AC+2 Str+2} (You
                  | found it in a bailey)
  8643 | D:10     | Entered Level 10 of the Dungeon
  8646 | D:10     | Received a gift from Trog
  8646 | D:10     | Reached XP level 11. HP: 72/72 MP: 13/13
  8816 | D:10     | Noticed Urug
  8819 | D:10     | Found a staircase to the Lair.
  8841 | D:10     | Killed Urug
  8844 | D:10     | Noticed Fannar
  8855 | D:10     | Killed Fannar
  9000 | D:10     | Found a portal to a secret trove of treasure.
  9011 | Trove    | Entered a treasure trove
  9031 | Trove    | Found the +3 hat of Pondering {ponderous, MR+ MP+10 Int+5}
  9070 | Trove    | Identified the -1 hat of the Princeling {+Inv Str+5 Dex-5}
                  | (You found it in a treasure trove)
  9072 | Trove    | Identified the +1 hat "Casuga" {Dex+2} (You found it in a
                  | treasure trove)
  9079 | Trove    | Identified the +8 chain mail of Bykhle {+Inv} (You found it
                  | in a treasure trove)
  9238 | D:10     | Identified the cursed +0 broad axe of the Nexus {protect,
                  | Dex+4} (You found it on level 10 of the Dungeon)
  9269 | D:10     | Noticed Psyche
  9276 | D:10     | Killed Psyche
  9426 | D:11     | Noticed a cyan ugly thing
  9431 | D:11     | Noticed a cyclops
  9444 | D:11     | Killed a cyan ugly thing
  9448 | D:11     | Killed a cyclops
  9496 | D:11     | Noticed a cyclops
  9510 | D:11     | Killed a cyclops
  9526 | D:11     | Noticed a two-headed ogre
  9536 | D:11     | Killed a two-headed ogre
  9536 | D:11     | Reached skill level 11 in Fighting
  9996 | D:11     | Reached XP level 12. HP: 76/80 MP: 15/15
 10135 | D:11     | Noticed a two-headed ogre
 10142 | D:11     | Killed a two-headed ogre
 10142 | D:11     | Reached skill level 5 in Evocations
 10488 | D:12     | Found a staircase to the Orcish Mines.
 10625 | D:12     | You fall into a shaft and drop 3 floors!
 10625 | D:15     | Entered Level 15 of the Dungeon
 10626 | D:15     | Noticed a seven-headed hydra
 10630 | D:15     | Killed a seven-headed hydra
 10657 | D:15     | Noticed a fire dragon
 10665 | D:15     | Killed a fire dragon
 10688 | D:15     | Noticed a fire dragon
 10696 | D:15     | Killed a fire dragon
 10867 | D:15     | Found a staircase to the Depths.
 10997 | D:15     | Noticed a centaur warrior
 11005 | D:15     | Killed a centaur warrior
 11005 | D:15     | Reached * piety under Trog
 11266 | D:13     | Noticed Snorg
 11266 | D:13     | Noticed Rupert
 11287 | D:13     | Killed Snorg
 11287 | D:13     | Reached skill level 10 in Armour
 11292 | D:13     | Paralysed by Rupert for 5 turns
 11300 | D:13     | Paralysed by Rupert for 4 turns
 11302 | D:13     | Slain by Rupert

Levels and vault maps discovered:
D:1:      dpeg_arrival_pits, layout_loops_ring
D:2:      layout_basic
D:3:      layout_basic, serial_curves, eino_curves_03, eino_curves_04,
          uniq_robin, uniq_sigmund
D:4:      layout_cave_pools, nicolae_overflow_quartered_altars, first_ration,
          minmay_misc_feat_chi, minmay_mini_ossuary, uniq_grinder,
          uniq_blork_the_orc, uniq_edmund
D:5:      minmay_thick_lines, layout_gridville, temple_fountains,
          grunt_ministairs_14, uniq_pikel
D:6:      layout_layer_cave, grunt_qazlal_sundering, kennysheep_mini_moat,
          cheibrodos_sewer_entry_sluice
D:7:      layout_basic, serial_shops, shop_fountains, the_bakery
D:8:      layout_loops_ring, nicolae_overflow_crystal_walls, uniq_maurice
D:9:      layout_basic, enter_bailey_3
D:10:     layout_rooms, dpeg_oklobed_lair, enter_trove_2, uniq_fannar,
          uniq_psyche, uniq_urug
D:11:     layout_loops_corners
D:12:     dragon1_lemuel, layout_gridville, david_orc_3, serial_bayou_lagoon_b
D:13:     layout_rooms, grunt_vaults_entry_fortified, serial_shops,
          nicolae_shop_stone, minmay_increasing_density, uniq_snorg,
          uniq_azrael, uniq_rupert
D:14:     layout_loops_corners, special_room [special_room_bee],
          grunt_dithmenos_shadows
D:15:     grunt_enter_depths_hoard, layout_basic, chequers_arboretum,
          minmay_librarian
Temple:   regret_index_temple_generic_petals

Skill      XL: |  1  2  3  4  5  6  7  8  9 10 11 12 |
---------------+-------------------------------------+-----
Fighting       | 4 5 6 7 9 10 11 | 11.8
Shields        | 2 3 4 5 7 8 9 |  9.5
Polearms       | 1 3 5 6 7 8 9 |  9.4
Armour         | 3 4 5 6 7 9 10 | 10.0
Maces & Flails | 4 |  4.7
Evocations     | 2 4 6 |  6.0
Dodging        | |  1.7

Action                   |  1- 3 |  4- 6 |  7- 9 | 10-12 || total
-------------------------+-------+-------+-------+-------++-------
Melee: Mace              |   113 |    65 |       |       ||   178
       Spear             |       |    36 |   334 |   757 ||  1127
       Flail             |       |       |     3 |       ||     3
Invok: Berserk           |     3 |     3 |     4 |     5 ||    15
       Trog's Hand       |       |     2 |       |       ||     2
 Abil: Evoke Flight      |       |       |     1 |       ||     1
Evoke: Wand              |       |       |       |    16 ||    16
  Use: Scroll            |       |       |     9 |    10 ||    19
       Potion            |       |       |       |     1 ||     1
 Stab: Distracted        |       |       |     3 |       ||     3
  Eat: Chunk             |     5 |     5 |    15 |    20 ||    45
       Ration            |       |     1 |       |       ||     1
Armor: Animal skin       |    49 |       |       |       ||    49
       Leather armour    |     5 |    32 |       |       ||    37
       Chain mail        |       |    11 |     3 |   121 ||   135
       Plate armour      |       |       |   119 |   184 ||   303
Dodge: Dodged            |    58 |    23 |    31 |   131 ||   243
Block: Large shield      |    48 |    70 |   211 |   569 ||   898
       Reflection        |       |       |       |     4 ||     4
